 Dungeon Crawl Stone Soup version 0.25-a0-558-g78a2afb0af (webtiles) character file.

Game seed: 16347846949261247697, levelgen mode: deterministic

3164 Flugslaktarn the Cleaver (level 9, -1/78 (79) HPs)
             Began as a Minotaur Fighter on Feb 24, 2020.
             Was a Follower of Makhleb.
             Slain by a yak (10 damage)
             ... on level 9 of the Dungeon.
             The game lasted 00:03:24 (7247 turns).

Flugslaktarn the Cleaver (Minotaur Fighter)         Turns: 7247, Time: 00:03:25

HP:   -1/78 (79)    AC: 10    Str: 25    XL:     9   Next: 63%
MP:   11/11         EV:  8    Int:  3    God:    Makhleb [*.....]
Gold: 284           SH:  0    Dex:  9    Spells: 8/8 levels left

rFire    . . .     SeeInvis .   A - +2 battleaxe (flame)
rCold    . . .     Gourm    .   (shield currently unavailable)
rNeg     . . .     Faith    .   f - +0 chain mail
rPois    .         Spirit   .   (helmet restricted)
rElec    .         Reflect  .   (no cloak)
rCorr    .         Harm     .   (no gloves)
MR       .....                  (no boots)
Stlth    ..........             i - amulet of rage
HPRegen  0.23/turn              l - -2 ring of intelligence (curse)
MPRegen  0.12/turn              (no ring)

@: no status effects
A: retaliatory headbutt, horns 2
a: Renounce Religion, Evoke Berserk Rage


You were on level 9 of the Dungeon.
You worshipped Makhleb.
Makhleb was aware of your devotion.
You were not hungry.

You visited 2 branches of the dungeon, and saw 10 of its levels.

You collected 476 gold pieces.
You spent 192 gold pieces at shops.

Inventory:

Hand Weapons
 z - a +0 war axe
 A - a +2 battleaxe of flaming (weapon)
   (You found it on level 8 of the Dungeon)
Armour
 a - a +0 cloak
   (You found it on level 8 of the Dungeon)
 b - a +0 scale mail
 f - a +0 chain mail (worn)
   (You found it on level 2 of the Dungeon)
 C - a +0 kite shield
Jewellery
 i - an amulet of rage (around neck)
   (You found it on level 3 of the Dungeon)
 l - a cursed -2 ring of intelligence (left hand)
   (You found it on level 3 of the Dungeon)
 o - an uncursed ring of fire
   (You found it on level 4 of the Dungeon)
 u - an uncursed amulet of harm {unknown}
   (You found it on level 8 of the Dungeon)
 v - an uncursed ring of stealth {unknown}
   (You found it on level 7 of the Dungeon)
 y - an uncursed ring of poison resistance {unknown}
   (You found it on level 7 of the Dungeon)
 D - the amulet of Vitality {Regen+ HP+15}
   (You found it on level 5 of the Dungeon)

   [amulet of regeneration]

   It affects your health (+15).
   It increases your rate of regeneration.
Scrolls
 c - a scroll of fear {unknown}
 j - 7 scrolls of teleportation
 m - 2 scrolls of enchant armour {unknown}
 n - a scroll of enchant weapon {unknown}
 p - 5 scrolls of identify {unknown}
 r - 2 scrolls of amnesia {unknown}
 s - 5 scrolls of remove curse
 t - a scroll of torment {unknown}
 w - a scroll of magic mapping {unknown}
 B - a scroll of random uselessness {unknown}
Potions
 d - a potion of might
 g - 2 potions of brilliance {unknown}
 h - 2 potions of haste
 k - a potion of heal wounds {unknown}
 q - 4 potions of curing
 x - a potion of ambrosia {unknown}
 E - a potion of lignification {unknown}
Comestibles
 e - 17 rations
 F - 2 chunks of flesh


   Skills:
 + Level 7.5 Fighting
 * Level 9.5 Axes
 + Level 7.3 Armour
 - Level 6.3 Shields
 + Level 4.5 Invocations
 + Level 4.4 Evocations


You had 8 spell levels left.
You didn't know any spells.
Your spell library was empty.

Dungeon Overview and Level Annotations

Branches:
Dungeon (9/15)             Temple (1/1) D:4            Lair (0/6) D:9
    Orc: D:9-12

Altars:
Ashenzari
Cheibriados
Dithmenos
Fedhas
Gozag
Kikubaaqudgha
Makhleb
Nemelex Xobeh
Okawaru
Qazlal
Ru
Sif Muna
Trog
Vehumet
Wu Jian
Xom
Yredelemnul
Zin
The Shining One

Shops:
D:5 *[![

Annotations:
D:1 1 runed translucent door
D:7 1 runed translucent door, zkyp's ghost, novice TeWn
D:8 2 transporters, vurker's ghost, novice GnSk


Innate Abilities, Weirdness & Mutations

You reflexively headbutt those who attack you in melee.
You have a pair of horns on your head.


Message History

The troll closely misses you.
You slash the troll! You burn the troll. You headbutt the troll.
The troll is almost dead.
You hit the yak. You burn the yak. The troll bites you!
* * * LOW HITPOINT WARNING * * *
The troll claws you.
* * * LOW HITPOINT WARNING * * *
The troll claws you!
* * * LOW HITPOINT WARNING * * *
You are too injured to fight recklessly!
You are too injured to fight recklessly!
You are too injured to fight recklessly!
You are too injured to fight recklessly!
You are too injured to fight recklessly!
You are too injured to fight recklessly!
You are too injured to fight recklessly!
Unknown command.
There is an open door here.
The yak gores you!
You die...

..........#
..........#
.......Y..# ##Y# #.
##.O# #.. #..##
##.##### ##T###
#....... #..Y.###
#.......
#...@'.#######.......
+....#......##.......
#....######..........
#....# ####.[.....
#....# #.>.....
#....# #.......
#....# #.......
#.(..# #.......
#.......


You could see a yak and a troll.

Vanquished Creatures
  Maurice (D:8)
  A hippogriff (D:6)
  A spriggan (D:8)
  4 yaks (D:9)
  2 water moccasins
  2 sky beasts
  A black bear (D:7)
  A necrophage (D:6)
  2 ogres
  2 centaurs
  A big kobold (D:8)
  4 bullfrogs
  A scorpion (D:7)
  An electric eel (D:8)
  A howler monkey (D:6)
  2 crimson imps
  2 hounds
  5 orc priests
  A bullfrog skeleton (D:7)
  An orc wizard (D:9)
  2 worker ants
  2 hound zombies
  3 gnolls (D:4)
  8 adders
  An ooze (D:3)
  2 worms
  An adder skeleton (D:8)
  A dart slug (D:2)
  4 leopard geckos
  21 orcs
  2 giant cockroaches
  5 goblins
  8 hobgoblins
  13 jackals
  6 kobolds
  2 quokkas
  2 ball pythons
  3 frilled lizards
  A jackal skeleton (D:7)
  2 leopard gecko skeletons (D:4)
  A leopard gecko zombie (D:5)
  2 rats (D:3)
128 creatures vanquished.

Notes
Turn   | Place    | Note
-------+----------+-------------------------------------------
     0 | D:1      | Flugslaktarn the Minotaur Fighter began the quest for the
                  | Orb.
     0 | D:1      | Reached XP level 1. HP: 19/19 MP: 0/0
     1 | D:1      | Found a runed translucent door.
   108 | D:2      | Reached skill level 3 in Axes
   108 | D:2      | Reached XP level 2. HP: 26/27 MP: 1/1
   276 | D:2      | Reached XP level 3. HP: 29/33 MP: 2/2
   486 | D:3      | Noticed a bullfrog
   496 | D:3      | Killed a bullfrog
   496 | D:3      | Reached skill level 4 in Axes
   496 | D:3      | Reached XP level 4. HP: 32/41 MP: 3/3
   671 | D:3      | Reached XP level 5. HP: 47/47 MP: 4/4
  1450 | D:4      | Found a staircase to the Ecumenical Temple.
  1464 | Temple   | Entered the Ecumenical Temple
  1646 | Temple   | Became a worshipper of Makhleb the Destroyer
  1787 | D:4      | Reached skill level 1 in Evocations
  1952 | D:4      | Reached skill level 5 in Axes
  2003 | D:5      | Entered Level 5 of the Dungeon
  2003 | D:5      | Found Unidiul's General Store.
  2003 | D:5      | Noticed a water moccasin
  2018 | D:5      | Killed a water moccasin
  2018 | D:5      | Reached XP level 6. HP: 25/55 MP: 5/5
  2186 | D:5      | Noticed a sky beast
  2199 | D:5      | Killed a sky beast
  2199 | D:5      | Reached skill level 5 in Fighting
  2199 | D:5      | Reached skill level 5 in Armour
  2199 | D:5      | Reached skill level 5 in Shields
  2199 | D:5      | Reached skill level 1 in Invocations
  2207 | D:5      | Bought a scroll of teleportation for 36 gold pieces
  2207 | D:5      | Bought a scroll of remove curse for 36 gold pieces
  2367 | D:5      | Found Nanlozem's Distillery.
  2376 | D:5      | Found Septeed's Antique Armour Shoppe.
  2378 | D:5      | Bought a potion of haste for 120 gold pieces
  2441 | D:5      | Found Tojeum's Armour Emporium.
  2443 | D:5      | Found the amulet of Vitality {Regen+ HP+15}
  2702 | D:5      | Found a bloodstained altar of Trog.
  2702 | D:5      | Found a faded altar of an unknown god.
  2708 | D:5      | Found a radiant altar of Vehumet.
  2711 | D:5      | Found a faded altar of an unknown god.
  2712 | D:5      | Found a snail-covered altar of Cheibriados.
  2860 | D:6      | Reached XP level 7. HP: 60/61 MP: 7/7
  2925 | D:6      | Reached skill level 6 in Axes
  3176 | D:6      | Noticed a hippogriff
  3183 | D:6      | Killed a hippogriff
  3265 | D:7      | Reached XP level 8. HP: 67/69 MP: 8/8
  3447 | D:7      | Reached * piety under Makhleb
  3447 | D:7      | Reached skill level 7 in Axes
  3770 | D:7      | Found a runed translucent door.
  3770 | D:7      | Noticed zkyp's ghost (novice TeWn)
  4805 | D:8      | Noticed Maurice
  5138 | D:8      | Found a transporter.
  5195 | D:8      | Noticed vurker's ghost (novice GnSk)
  5262 | D:8      | Found a transporter.
  5287 | D:8      | Reached skill level 8 in Axes
  6300 | D:8      | Reached XP level 9. HP: 77/77 MP: 10/10
  6474 | D:8      | Killed Maurice
  6776 | D:9      | Reached skill level 9 in Axes
  7207 | D:9      | Found a staircase to the Lair.
  7237 | D:9      | Noticed a troll
  7247 | D:9      | Slain by a yak

Levels and vault maps discovered:
D:1:      dpeg_arrival_caged_fury, layout_basic, st_stairs_6,
          nicolae_ashenzari_panopticon
D:2:      layout_loops_ring, lemuel_doored_altar
D:3:      minmay_diamond_boxcup, layout_basic, first_ration
D:4:      cheibrodos_greedy_goblins, layout_rooms,
          minmay_temple_entry_offerings, st_stairs_12
D:5:      layout_cave_pools, chequers_temple_overflow_minitemple, serial_shops,
          shop, nicolae_shop_temple_entry_statues_fountains,
          nicolae_shop_statue_plus, nicolae_shop_waterfront
D:6:      layout_rooms
D:7:      layout_layer_cave, gammafunk_ghost_grave
D:8:      layout_basic, gammafunk_ghost_arena, the_bakery, minmay_crystal_water,
          uniq_maurice
D:9:      layout_roguey, lair_entry_dummy
Temple:   dpeg_five_rooms_temple

Skill      XL: |  1  2  3  4  5  6  7  8  9 |
---------------+----------------------------+-----
Axes           | 3 4 5 6 8 9 |  9.5
Fighting       | 4 5 6 7 |  7.5
Armour         | 4 5 6 7 |  7.3
Shields        | 4 5 6 |  6.3
Evocations     | 1 2 3 4 |  4.4
Invocations    | 1 2 3 4 |  4.5

Action                   |  1- 3 |  4- 6 |  7- 9 || total
-------------------------+-------+-------+-------++-------
Melee: War axe           |    62 |   142 |   113 ||   317
       Headbutt          |     7 |    23 |    30 ||    60
       Battleaxe         |       |       |   119 ||   119
 Abil: Evoke Berserk Rag |       |       |     1 ||     1
  Use: Potion            |       |     1 |       ||     1
  Eat: Chunk             |       |     4 |     7 ||    11
       Ration            |       |     1 |     2 ||     3
Armor: Scale mail        |     7 |       |       ||     7
       Chain mail        |    27 |    68 |   130 ||   225
Dodge: Dodged            |    16 |    36 |    78 ||   130
Block: Kite shield       |    42 |    75 |    65 ||   182

Table legend:
 A = Non-vault XP
 B = Vault XP
 C = Vault XP percentage of total XP
 D = Non-vault monster count
 E = Vault monster count
 F = Vault count percentage of total count
                 A         B        C        D         E       F
            +---------+---------+-------+---------+---------+-------
      Total |    3811 |     710 |  15.7 |     117 |      11 |   8.6
            +---------+---------+-------+---------+---------+-------
        D:1 |       2 |       0 |   0.0 |       1 |       0 |   0.0
        D:2 |      43 |       0 |   0.0 |       9 |       0 |   0.0
        D:3 |     176 |       0 |   0.0 |      28 |       0 |   0.0
        D:4 |     133 |      19 |  12.5 |      13 |       9 |  40.9
        D:5 |     316 |       0 |   0.0 |       5 |       0 |   0.0
        D:6 |     661 |       0 |   0.0 |       8 |       0 |   0.0
        D:7 |     691 |       0 |   0.0 |      23 |       0 |   0.0
        D:8 |     794 |     691 |  46.5 |      22 |       2 |   8.3
        D:9 |     995 |       0 |   0.0 |       8 |       0 |   0.0
            +---------+---------+-------+---------+---------+-------
